 Dungeon Crawl Stone Soup version 0.31.0-11-ge490571c62 (webtiles) character file.

Game seed: 6773958388004836928

135 qw the Ducker (level 4, -2/22 HPs)
             Began as a Spriggan Hunter on Feb 4, 2024.
             Slain by a black bear (4 damage)
             ... on level 4 of the Dungeon.
             The game lasted 00:00:06 (1574 turns).

qw the Ducker (Spriggan Hunter)                     Turns: 1574, Time: 00:00:06

Health: -2/22      AC:  2    Str:  7    XL:     4   Next: 97%
Magic:  5/5        EV: 20    Int: 10    God:
Gold:   149        SH:  0    Dex: 20    Spells: 3/3 levels left

rFire   . . .        a - +0 shortbow
rCold   . . .        (shield currently unavailable)
rNeg    . . .        c - +0 robe
rPois   .            (helmet restricted)
rElec   .            (no cloak)
rCorr   .            (gloves unavailable)
SInv    +            (boots unavailable)
Will    .....        (no amulet)
Stlth   ++           (no ring)
HPRegen 0.23/turn    (no ring)
MPRegen 0.09/turn

%: no passive effects
@: very quick
A: very small, no large weapons, unfitting armour, see invisible, speed 3
a: no special abilities


You were on level 4 of the Dungeon.
You visited 1 branch of the dungeon, and saw 3 of its levels.

You collected 149 gold pieces.


Innate Abilities, Weirdness & Mutations

You are very small and have problems with some larger weapons.
You are too small for most types of armour.
You have supernaturally acute eyesight. (SInv)
You cover ground extremely quickly. (Speed+++)


   Skills:
 + Level 1.6 Fighting
 - Level 5.2 Ranged Weapons
 - Level 5.3 Dodging
 - Level 1.5 Stealth


You had 3 spell levels left.
You didn't know any spells.
Your spell library was empty.

Inventory:

Hand Weapons
 a - a +0 shortbow (weapon)
Armour
 c - a +0 robe (worn)
Scrolls
 d - a scroll of silence {unknown}
 e - a scroll of revelation {unknown}
 f - 2 scrolls of identify
 g - a scroll of fear {unknown}
 h - a scroll of teleportation {unknown}
 k - a scroll of brand weapon {unknown}
Potions
 b - a potion of berserk rage {unknown}
 i - 2 potions of curing
 j - a potion of might {unknown}

Dungeon Overview and Level Annotations

Branches:
Dungeon (2/15)             Temple (0/1) D:4

Altars:


Message History

You start resting.
HP restored.
You see here a hobgoblin corpse.
You hear the slow hiss of a distant avalanche of sand.
k - a scroll labelled AMU NOOMUOJOTT A hobgoblin comes into view.
Found a stone staircase leading up.
The hobgoblin shouts!
Enter note: You shoot an arrow.
The arrow hits the hobgoblin!
You kill the hobgoblin!
Found a stone staircase leading down.
There is a stone staircase leading down here.
i - 2 potions of curing (gained 1)
A black bear comes into view.
Enter note: You shoot an arrow.
The arrow hits the black bear.
The black bear growls angrily.
The black bear is lightly wounded.
You shoot an arrow. The arrow hits the black bear!
The black bear is moderately wounded.
You shoot an arrow. The arrow barely misses the black bear.
The black bear closely misses you. x2; The black bear completely misses you.
You shoot an arrow. The arrow barely misses the black bear.
The black bear closely misses you. The black bear claws you. x2
The black bear completely misses you. x2; The black bear closely misses you.
You shoot an arrow. The arrow barely misses the black bear.
The black bear closely misses you. x2; The black bear claws you.
You shoot an arrow. The arrow hits the black bear.
The black bear is heavily wounded.
The black bear closely misses you. The black bear completely misses you.
The black bear claws you.
You shoot an arrow. The arrow hits the black bear.
The black bear is heavily wounded.
The black bear bites you. The black bear claws you.
The black bear claws you but does no damage.
You shoot an arrow.
The arrow completely misses the black bear.
The black bear barely misses you. The black bear claws you.
You die...

##.# #.###.#........#.#
###...# #.........#......#
....<..######.##..#.##.###
#.............##..#.##.#
#.##.##.#####.....#.##.#
#.##.##.#####.##.#...#.#
#...........#.##.......#
#.#####>##..#.####...### #
#..@.....# #...# #
........#h.##.###...#####
...####.#..#...........%.
. #.#................
..#.##..........%.. #....
..#.#...#.### #....
###.#........ ..... #
#.....##. #.....##.


You could see a black bear.

Vanquished Creatures
  A scorpion (D:4)
  A bombardier beetle (D:4)
  An adder (D:2)
  2 endoplasms (D:1)
  A giant cockroach (D:1)
  9 goblins
  4 hobgoblins
  3 jackals (D:2)
  2 kobolds
  A quokka (D:1)
  4 ball pythons
  3 bats
  2 frilled lizards
  3 rats (D:1)
37 creatures vanquished.

Notes
Turn   | Place    | Note
-------+----------+-------------------------------------------
     0 | D:1      | qw the Spriggan Hunter began the quest for the Orb.
     0 | D:1      | Reached XP level 1. HP: 10/10 MP: 2/2
     0 | D:1      | 0 ||| qw: Version: 0.3-a-160-g6735b56
     0 | D:1      | 0 ||| qw: Game counter: 4452
     0 | D:1      | 0 ||| qw: Melee chars always use a shield: true
     0 | D:1      | 0 ||| qw: God list: Okawaru
     0 | D:1      | 0 ||| qw: Allow faded altars: false
     0 | D:1      | 0 ||| qw: Do Orc after clearing Dungeon:15 true
     0 | D:1      | 0 ||| qw: Do second Lair branch before Depths: true
     0 | D:1      | 0 ||| qw: Lair rune preference: random
     0 | D:1      | 0 ||| qw: Goals: Normal
     0 | D:1      | 0 ||| PLANNING D:1-11
   105 | D:1      | Reached skill level 3 in Dodging
   260 | D:1      | Reached XP level 2. HP: 11/14 MP: 3/3
   685 | D:1      | 685 ||| READING scroll labelled DYELUY ZERA.
   685 | D:1      | 685 ||| IDENTIFYING metallic blue potion
   686 | D:1      | 686 ||| READING 2 scrolls labelled GONWYTZUSO.
   687 | D:1      | 687 ||| READING scroll labelled DAMARE BIWIM.
   688 | D:1      | 688 ||| DROPPING scroll of butterflies.
   689 | D:1      | 689 ||| DROPPING scroll of poison.
   691 | D:1      | 691 ||| Stepping ~*~*~tactically~*~*~ (cloud).
   692 | D:1      | 692 ||| DRINKING potion of curing.
   692 | D:1      | 692 ||| (to cure poison)
   788 | D:2      | Reached XP level 3. HP: 18/18 MP: 4/4
  1375 | D:2      | You fall into a shaft and drop 2 floors!
  1385 | D:4      | 1385 ||| PLANNING OSSUARY
  1395 | D:4      | Found a staircase to the Ecumenical Temple.
  1406 | D:4      | Reached XP level 4. HP: 22/22 MP: 5/5
  1489 | D:4      | Noticed a scorpion
  1499 | D:4      | Killed a scorpion
  1566 | D:4      | Noticed a black bear
  1573 | D:4      | HP: 3/22 [black bear (6)]
  1573 | D:4      | HP: 1/22 [black bear (2)]
  1574 | D:4      | Slain by a black bear

Levels and vault maps discovered:
D:1:      orjb1_lava_funnel, layout_basic, amethyst_killhole
D:2:      layout_loops_corners
D:4:      layout_loops_cross, mainiacjoe_overflow_alcove_2,
          amcnicky_altar_gilded, minmay_temple_entry_mini_moons,
          mainiacjoe_ossuary_entry_find_the_door, kennysheep_generic_room_11

Skill      XL: |  1  2  3  4 |
---------------+-------------+-----
Dodging        | 3 4 5 |  5.3
Ranged Weapons | 5 |  5.2
Fighting       | |  1.6
Stealth        | |  1.5

Action                     |  1- 3 |  4- 6 || total
---------------------------+-------+-------++-------
   Fire: Shortbow          |    84 |    21 ||   105
    Use: Scroll            |     3 |       ||     3
         Potion            |     1 |       ||     1
 Armour: Robe              |    12 |    11 ||    23
  Dodge: Dodged            |    13 |    15 ||    28

Table legend:
 A = Non-vault XP
 B = Vault XP
 C = Vault XP percentage of total XP
 D = Non-vault monster count
 E = Vault monster count
 F = Vault count percentage of total count
                 A         B        C        D         E       F
            +---------+---------+-------+---------+---------+-------
      Total |     194 |       0 |   0.0 |      37 |       0 |   0.0
            +---------+---------+-------+---------+---------+-------
        D:1 |      32 |       0 |   0.0 |      20 |       0 |   0.0
        D:2 |      33 |       0 |   0.0 |      13 |       0 |   0.0
        D:4 |     129 |       0 |   0.0 |       4 |       0 |   0.0
            +---------+---------+-------+---------+---------+-------
